Map: Overgrowth LE (Void)

Players

Namshar

  • Race: Zerg Zerg
  • Spawn Location: 1:00

Nerchio - Winner!

  • Race: Zerg Zerg
  • Spawn Location: 7:00

Event: WESG 2016 Finals

VOD

Have the link to the VOD?

Description

Time

  • Played on: Jan. 13, 2017, 9:33 p.m.
  • Length: 11:49

All games in this series

Show
View Real Time Build Order
Export as new Build Order

Namshar Zerg 

Build Orders: Hatch First 

Get SALT Encoding   

  12  0:00  Drone  
  13  0:12  Overlord  
  13  0:16  Drone  
  14  0:30  Drone x2  
  14  0:34  Drone  
  17  0:51  Hatchery  
  17  0:54  Drone  
  17  1:07  Spawning Pool  
  17  1:10  Drone  
  17  1:12  Extractor  
  17  1:17  Drone x2  
  18  1:27  Drone  
  19  1:39  Overlord  
  19  1:53  Drone, Queen  
  22  2:01  Drone  
  22  2:02  Queen  
  22  2:03  Drone  
  26  2:15  Zergling x4, Spine Crawler  
  27  2:16  Baneling Nest  
  26  2:29  Drone x2  
  28  2:31  Metabolic Boost  
  28  2:36  Drone  
  29  2:39  Drone  
  30  2:45  Overlord  
  30  2:46  Drone  
  31  2:53  Drone  
  32  3:01  Zergling x2  
  33  3:08  Drone x4  
  33  3:09  Drone  
  33  3:11  Drone x3  
  41  3:26  Drone, Overlord  
  42  3:30  Drone  
  42  3:32  Queen  
  44  3:38  Hatchery  
  44  3:39  Baneling x2  
  43  3:43  Zergling x2  
  43  3:45  Zergling x4  
  43  3:46  Zergling x2  
  47  3:50  Zergling x2  
  47  3:51  Zergling x2  
  47  3:53  Zergling x2  
  47  3:54  Zergling x4  
  52  4:03  Overlord x2  
  52  4:06  Roach Warren  
  50  4:14  Baneling x2  
  50  4:21  Extractor  
  50  4:24  Drone x6  
  49  4:25  Lair  
  49  4:29  Evolution Chamber  
  49  4:30  Extractor  
  52  4:37  Overlord x2  
  52  4:51  Roach  
  52  4:52  Roach x4  
  57  5:04  Roach x3  
  51  5:17  Zergling x6  
  51  5:18  Drone x2  
  53  5:27  Drone  
  53  5:28  Drone x3, Queen  
  57  5:30  Drone x3  
  62  5:42  Drone x5  
  67  5:48  Glial Reconstitution  
  67  5:52  Zerg Missile Weapons Level 1  
  67  5:55  Overlord  
  67  5:57  Roach  
  67  5:59  Roach  
  69  6:05  Roach x2  
  69  6:09  Overlord  
  72  6:12  Roach x2  
  72  6:18  Overlord  
  76  6:20  Roach  
  76  6:21  Roach  
  76  6:22  Roach  
  82  6:28  Overlord  
  82  6:30  Roach x2  
  86  6:38  Overlord  
  88  6:40  Roach x3  
  88  6:44  Roach  
  88  6:45  Roach  
  96  6:48  Overlord  
  96  6:51  Roach  
  98  6:56  Ravager  
  100  7:01  Drone x3  
  100  7:02  Drone  
  100  7:03  Drone x2  
  100  7:06  Roach  
  100  7:07  Roach  
  100  7:08  Unknown  
  109  7:20  Overlord  
  109  7:21  Drone  
  109  7:22  Extractor, Drone  
  110  7:23  Drone x2  
  110  7:24  Drone  
  110  7:26  Evolution Chamber  
  108  7:41  Roach x2  
  108  7:42  Roach x2  
  111  7:49  Roach x3  
  111  7:50  Roach  
  107  7:52  Drone x2  
  107  7:57  Roach  
  107  7:58  Roach  
  111  8:01  Roach x2  
  111  8:03  Roach  
  117  8:07  Ravager  
  117  8:12  Roach x2  
  122  8:13  Overlord x2  
  122  8:24  Roach x5  
  132  8:30  Roach x2  
  132  8:33  Roach  
  138  8:34  Roach  
  138  8:39  Overlord  
  138  8:40  Roach  
  138  8:41  Roach  
  144  8:42  Overlord  
  144  8:44  Unknown  
  144  8:45  Overlord  
  144  8:55  Zerg Missile Weapons Level 2  
  144  8:57  Drone x2  
  144  8:58  Drone, Overlord  
  144  8:59  Drone  
  144  9:01  Drone, Extractor  
  148  9:06  Zerg Ground Armor Level 1  
  148  9:08  Drone x2  
  148  9:09  Drone  
  151  9:11  Drone  
  151  9:14  Ravager, Overlord  
  153  9:19  Ravager  
  153  9:24  Hatchery  
  153  9:30  Roach x3  
  159  9:35  Roach x2  
  163  9:44  Roach x2  
  163  9:45  Roach x3  
  173  9:49  Roach x2  
  177  9:59  Roach  
  177  10:00  Overlord x3  
  175  10:17  Roach  
  175  10:22  Roach  
  175  10:23  Roach x11  
  175  10:26  Ravager  
  198  10:39  Roach x2  
  148  10:58  Roach x14  
  148  11:02  Roach x3  
  145  11:07  Roach  
  145  11:10  Roach x2  
  133  11:14  Roach  
  119  11:21  Roach x2  
  119  11:25  Roach x2  
  114  11:30  Roach  
Show
View Real Time Build Order
Export as new Build Order

Nerchio Zerg - Winner!

Build Orders: Pool First 

Get SALT Encoding   

  12  0:00  Drone  
  13  0:12  Overlord  
  13  0:17  Drone  
  14  0:30  Drone x2  
  14  0:34  Drone  
  17  0:44  Spawning Pool  
  17  0:47  Drone  
  17  1:08  Hatchery  
  17  1:09  Drone  
  17  1:13  Drone  
  17  1:14  Extractor  
  17  1:19  Drone  
  18  1:31  Queen, Zergling x2  
  21  1:38  Overlord  
  21  1:49  Drone  
  22  2:00  Drone  
  23  2:06  Queen  
  25  2:16  Metabolic Boost  
  25  2:18  Drone  
  25  2:20  Drone  
  25  2:21  Queen  
  25  2:22  Drone  
  30  2:30  Drone  
  30  2:32  Drone  
  32  2:39  Overlord  
  32  2:40  Drone x2  
  32  2:42  Zergling x2  
  35  2:49  Baneling Nest  
  35  2:50  Zergling x2  
  35  2:54  Overlord  
  35  2:56  Drone  
  36  3:05  Drone  
  37  3:16  Drone  
  37  3:19  Drone  
  39  3:20  Drone  
  39  3:21  Hatchery  
  39  3:23  Drone  
  39  3:26  Zergling x2  
  40  3:27  Zergling x2  
  40  3:30  Zergling x2  
  40  3:31  Zergling x2  
  43  3:38  Queen  
  45  3:44  Overlord  
  45  3:46  Baneling  
  45  3:47  Drone x2  
  47  3:54  Baneling  
  47  3:58  Roach Warren  
  47  4:02  Drone x4  
  49  4:12  Baneling  
  49  4:13  Zergling x10  
  53  4:17  Extractor  
  52  4:24  Baneling  
  52  4:25  Drone x2  
  52  4:26  Drone x4  
  52  4:30  Extractor, Lair  
  57  4:34  Evolution Chamber  
  57  4:37  Overlord  
  56  4:47  Zergling x2  
  56  4:48  Zergling x10  
  56  4:50  Zergling x2  
  56  4:51  Zergling x2  
  57  5:02  Drone x3  
  57  5:03  Drone  
  56  5:14  Roach x3  
  56  5:20  Zerg Missile Weapons Level 1  
  59  5:22  Queen  
  59  5:26  Roach x2  
  59  5:27  Roach  
  66  5:31  Roach  
  66  5:34  Glial Reconstitution  
  68  5:37  Overlord  
  68  5:39  Overlord  
  68  5:42  Roach  
  70  5:46  Roach  
  76  5:57  Roach x3  
  76  6:01  Roach x2  
  82  6:09  Hatchery  
  81  6:15  Overlord  
  82  6:18  Drone  
  82  6:19  Overlord  
  82  6:28  Overlord  
  82  6:34  Roach x4  
  82  6:36  Overlord  
  82  6:38  Roach  
  82  6:39  Roach  
  94  6:42  Roach  
  94  6:44  Roach  
  98  6:47  Overseer  
  98  6:48  Roach  
  98  6:53  Overlord  
  100  6:59  Roach x2  
  104  7:05  Roach  
  104  7:06  Roach x2  
  110  7:08  Roach  
  112  7:15  Zerg Missile Weapons Level 2  
  112  7:17  Roach  
  112  7:21  Ravager  
  115  7:23  Roach  
  115  7:27  Roach  
  120  7:30  Roach  
  120  7:36  Roach x2  
  115  7:39  Roach  
  115  7:42  Roach  
  115  7:43  Zergling x6  
  117  7:45  Roach  
  117  7:48  Roach  
  115  7:52  Drone x2  
  115  7:53  Drone  
  118  8:00  Ravager  
  118  8:01  Drone x2  
  121  8:05  Drone  
  121  8:06  Drone, Queen  
  125  8:13  Ravager  
  125  8:16  Overlord x2  
  125  8:17  Extractor  
  125  8:20  Drone x2  
  125  8:21  Drone  
  130  8:27  Ravager x2  
  130  8:30  Overlord  
  130  8:35  Roach  
  130  8:36  Roach x2  
  130  8:38  Roach  
  138  8:44  Overlord x3  
  138  8:49  Roach  
  138  8:50  Roach  
  138  8:51  Roach  
  138  8:54  Roach  
  138  8:55  Roach  
  148  9:00  Roach  
  148  9:01  Roach  
  148  9:02  Roach  
  154  9:05  Extractor  
  154  9:06  Drone x2  
  154  9:07  Drone  
  154  9:09  Roach  
  158  9:11  Ravager  
  158  9:16  Roach x2  
  163  9:20  Roach  
  163  9:21  Roach  
  167  9:27  Roach x3  
  173  9:32  Overlord x2  
  173  9:38  Zerg Ground Armor Level 1  
  173  9:43  Overlord  
  172  9:50  Ravager x2  
  172  9:51  Roach x2  
  174  10:00  Drone x2  
  174  10:01  Drone, Roach  
  174  10:04  Ravager  
  174  10:05  Ravager  
  174  10:06  Roach  
  183  10:07  Roach  
  183  10:11  Hatchery  
  183  10:13  Roach  
  186  10:15  Roach x2  
  186  10:17  Roach  
  186  10:20  Roach  
  192  10:25  Ravager  
  192  10:26  Roach x2  
  197  10:33  Roach  
  197  10:34  Roach  
  199  10:37  Roach  
  199  10:42  Roach x2  
  199  10:44  Roach  
  199  10:47  Roach  
  187  10:50  Roach x2  
  187  10:51  Roach  
  187  10:52  Roach  
  187  10:53  Roach  
  187  10:56  Roach  
  172  10:59  Roach  
  172  11:02  Roach  
  156  11:06  Roach  
  156  11:09  Roach  
  148  11:13  Roach  
  148  11:16  Roach  
  140  11:20  Roach  
  140  11:22  Roach  
  134  11:27  Roach  
Tags
 
Add a new tag
Caveats
  • Supply blocks, unpowered buildings, or Contaminate may cause inaccurate times.
  • Supply counts are checked every 10 seconds.